 Dungeon Crawl Stone Soup version 0.28-b1 (webtiles) character file.

Game seed: 15104666182934588318

121 Kaptain the Digger (level 5, -11/29 HPs)
             Began as a Gargoyle Earth Elementalist on Jan 26, 2022.
             Killed by divine providence
             ... invoked by an orc priest
              (12 damage)
             ... on level 3 of the Dungeon.
             The game lasted 00:06:48 (2046 turns).

Kaptain the Digger (Gargoyle Earth Elementalist)    Turns: 2046, Time: 00:06:48

Health: -11/29     AC: 10    Str: 11    XL:     5   Next: 5%
Magic:  0/9        EV: 11    Int: 18    God:
Gold:   43         SH:  0    Dex: 10    Spells: 5/9 levels left

rFire   . . .      SeeInvis .   a - +0 short sword
rCold   . . .      Faith    .   (no shield)
rNeg    + . .      Spirit   .   q - +0 leather armour
rPois   ∞          Reflect  .   s - +1 helmet
rElec   +          Harm     .   b - +0 cloak
rCorr   .          Rampage  .   (no gloves)
Will    .....                   (no boots)
Stlth   ++........              (no amulet)
HPRegen 0.09/turn               (no ring)
MPRegen 0.11/turn               (no ring)

@: mighty, hasted, very quick
A: sickness immunity, AC +4, negative energy resistance 1, electricity
resistance, torment resistance 1, petrification resistance, talons 2
a: no special abilities


You were on level 3 of the Dungeon.
You visited 1 branch of the dungeon, and saw 3 of its levels.

You collected 43 gold pieces.

Inventory:

Hand Weapons
 a - a +0 short sword (weapon)
Missiles
 c - 21 stones
Armour
 b - a +0 cloak (worn)
 q - a +0 leather armour (worn)
 s - a +1 helmet (worn)
Wands
 r - a wand of mindburst (6)
Scrolls
 g - 2 scrolls of immolation
 h - a scroll of fog {unknown}
 n - a scroll of teleportation
Potions
 d - 2 potions of haste


   Skills:
 + Level 1.5 Fighting
 + Level 1.3 Armour
 + Level 2.0 Dodging
 + Level 2.8 Stealth
 * Level 2.8 Spellcasting
 - Level 0.7 Transmutations
 * Level 4.6 Earth Magic


You had 5 spell levels left.
You knew the following spells:

 Your Spells              Type           Power      Damage    Failure   Level
a - Sandblast             Erth           38%        2d10      3%          1
b - Stone Arrow           Conj/Erth      20%        3d8       26%         3

Your spell library contained the following spells:

 Spells                   Type           Power      Damage    Failure   Level
 Passwall                 Tmut/Erth      10%        N/A       11%         2
 Foxfire                  Conj/Fire      8%         2x1d4     22%         1
 Confusing Touch          Hex            2%         N/A       54%         3
 Conjure Flame            Conj/Fire      2%         6-21      54%         3
 Inner Flame              Hex/Fire       2%         N/A       54%         3
 Petrify                  Tmut/Erth      12%        N/A       58%         4
 Flame Wave               Conj/Fire      2%         2d4       91%         4
 Yara's Violent Unravell  Hex/Tmut       1%         3d3       99%         5
 Enfeeble                 Hex            1%         N/A       100%        7


Dungeon Overview and Level Annotations

Branches:
Dungeon (3/15)

Altars:


Innate Abilities, Weirdness & Mutations

You are immune to sickness and miasma.
Your stone body is resilient. (AC +4)
You are immune to poison.
You resist negative energy. (rN+)
You are resistant to electric shocks. (rElec)
You are resistant to unholy torment.
You are immune to petrification.
You have razor-sharp toenails.


Message History

The orc priest calls upon Beogh to heal the orc.
The orc's wounds heal themselves!
You hit the orc priest but do no damage.
The orc priest hits you but does no damage.
You barely miss the orc priest.
The orc priest invokes the aid of Beogh against you.
Beogh smites you!
The orc priest hits you with a +0 flail.
* * * LOW HITPOINT WARNING * * *
It was a potion of cancellation.
You feel magically purged.
The orc priest hits you but does no damage.
It was a potion of mutation.
You feel extremely strange.
Your toenails lengthen and sharpen. x2
The orc priest closely misses you.
It was a potion of might.
You feel very mighty all of a sudden.
The orc priest hits you but does no damage.
You hit the orc priest. You claw the orc priest!
The orc priest is almost dead.
The orc priest calls down the wrath of Beogh upon you.
Pain shoots through your body!
* * * LOW HITPOINT WARNING * * *
You closely miss the orc priest.
The orc priest is almost dead.
The orc priest calls down the wrath of Beogh upon you.
Pain shoots through your body!
* * * LOW HITPOINT WARNING * * *
Unknown command.
Casting: Sandblast (safe; 3% risk of failure)
Confirm with . or Enter, or press ? or * to list all spells.
Aiming: Sandblast (safe; 3% risk of failure)
Press: ? - help, Shift-Dir - straight line, f/p - orc priest
Aim: an orc priest, wielding a +0 flail and wearing a +0 scale mail (almost dead, 82% to hit)
The blast of sand hits the orc priest but does no damage.
The orc priest is almost dead.
The orc priest closely misses you.
You feel yourself speed up.
The orc priest calls down the wrath of Beogh upon you.
Beogh smites you!
You die...

#......<.....).# #.###.#
##.........#.#.# #..##.#
##...#...##.#..#####.##.#
##########..##...##.....#
...........####.........#
..........# #.#.......#
..?..<....# ##.##.####.#
...(..)...####..##..# .#
..........oo@..####... #
..........###### ####
..........# ..........#
..........# ###########


You could see an orc priest and an orc.

Vanquished Creatures
  Jessica (D:3)
  2 adders (D:3)
  A worm (D:2)
  3 dart slugs
  7 orcs (D:3)
  3 bats
  6 endoplasms
  4 giant cockroaches
  6 goblins
  4 hobgoblins (D:1)
  4 jackals (D:1)
  A quokka (D:2)
  6 ball pythons
  4 frilled lizards
  2 kobolds
  2 rats
56 creatures vanquished.

Notes
Turn   | Place    | Note
-------+----------+-------------------------------------------
     0 | D:1      | Kaptain the Gargoyle Earth Elementalist began the quest for
                  | the Orb.
     0 | D:1      | Reached XP level 1. HP: 10/10 MP: 3/3
   157 | D:1      | Reached XP level 2. HP: 15/15 MP: 0/5
   375 | D:1      | Reached skill level 4 in Earth Magic
   418 | D:1      | Reached XP level 3. HP: 20/20 MP: 2/6
   423 | D:1      | Learned a level 3 spell: Stone Arrow
   496 | D:1      | Found a faded altar of an unknown god.
  1056 | D:2      | Reached skill level 1 in Fighting
  1173 | D:2      | Reached skill level 1 in Armour
  1584 | D:2      | Reached XP level 4. HP: 25/25 MP: 5/7
  2015 | D:3      | Noticed Jessica
  2024 | D:3      | Killed Jessica
  2025 | D:3      | Reached XP level 5. HP: 27/29 MP: 6/9
  2041 | D:3      | Gained mutation: You have sharp toenails. [potion of
                  | mutation]
  2041 | D:3      | Gained mutation: You have razor-sharp toenails. [potion of
                  | mutation]
  2044 | D:3      | HP: 1/29 [orc priest/nerve-wracking pain (2)]
  2046 | D:3      | Killed from afar by an orc priest

Illustrated notes

Levels and vault maps discovered:
D:1:      wander_arrival_chamber, layout_rooms,
          hellmonk_ecumenical_altar_dog_temple, st_stairs_10,
          minmay_misc_feat_tiny, nrook_loot_triangle, minmay_tree_intersection
D:2:      layout_loops_ring, st_stairs_4, minmay_misc_feat_secret_circle
D:3:      layout_rooms, kennysheep_generic_room_14, uniq_jessica, uniq_natasha

Skill      XL: |  1  2  3  4 |
---------------+-------------+-----
Earth Magic    | 4 |  4.6
Fighting       | 1 |  1.5
Armour         | 1 |  1.3
Dodging        | 2 |  2.0
Stealth        | |  2.8
Spellcasting   | |  2.8
Transmutations | |  0.7

Action                   |  1- 3 |  4- 6 || total
-------------------------+-------+-------++-------
Melee: Short sword       |     8 |     8 ||    16
       Kick              |       |     1 ||     1
 Cast: Sandblast         |    55 |    23 ||    78
  Use: Scroll            |       |     9 ||     9
       Potion            |       |     5 ||     5
Armor: Robe              |     2 |       ||     2
       Leather armour    |     1 |     5 ||     6
Dodge: Dodged            |    13 |     5 ||    18
